 Dungeon Crawl Stone Soup version 0.19-a0-1008-g4c63d25 (webtiles) character file.

86 LordPoison the Ducker (level 4, -2/19 HPs)
             Began as a Felid Venom Mage on July 22, 2016.
             Slain by an orc
             ... wielding a +4 falchion
              (5 damage)
             ... on level 3 of the Dungeon.
             The game lasted 00:20:49 (4618 turns).

LordPoison the Ducker (Felid Venom Mage)            Turns: 4618, Time: 00:20:50

Health: -2/19      AC:  1    Str:  4    XL:     4   Next: 26%
Magic:  0/9        EV: 20    Int: 17    God:
Gold:   120        SH:  0    Dex: 17    Spells: 2 memorised, 5 levels left
                                        Lives:  0   Deaths: 1

rFire  . . .     SeeInvis +     (weapon unavailable)
rCold  . . .     Gourm    .     (armour unavailable)
rNeg   . . .     Faith    .     (shield unavailable)
rPois  .         Spirit   +     (helmet unavailable)
rElec  .         Dismiss  .     (cloak unavailable)
rCorr  .         Reflect  .     (gloves unavailable)
SustAt .         Harm     .     (boots unavailable)
MR     .....                    h - amulet of guardian spirit
Stlth  +++.......               (no ring)
                                (no ring)

@: quick, not resistant to hostile enchantments, fairly stealthy
A: no armour, no weapons or thrown items, claws 1, fangs 3, see invisible,
carnivore 3, speed 1, shaggy fur 1, slow metabolism 1, sharp paws
a: no special abilities


You were on level 3 of the Dungeon.
You were not hungry.

You visited 1 branch of the dungeon, and saw 3 of its levels.

You collected 120 gold pieces.

Inventory:

Jewellery
 h - an amulet of guardian spirit (around neck)
Wands
 k - a wand of slowing (20/48)
Scrolls
 e - 3 scrolls of identify
 n - a scroll of recharging
 o - a scroll of fear
Books
 a - a Young Poisoner's Handbook

   Spells                             Type                      Level
   a - Sting                          Conjuration/Poison           1
   b - Mephitic Cloud                 Conjuration/Poison/Air       3
   c - Olgreb's Toxic Radiance        Poison                       4
   d - Alistair's Intoxication        Transmutation/Poison         5
   e - Venom Bolt                     Conjuration/Poison           5
Comestibles
 b - 3 meat rations
 f - a beef jerky


   Skills:
 * Level 2.0 Fighting
 + Level 4.9 Dodging
 - Level 4.0 Stealth
 - Level 3.0 Spellcasting
 + Level 0.0 Conjurations
 + Level 0.1 Air Magic
 - Level 3.6 Poison Magic


You had 5 spell levels left.
You knew the following spells:

 Your Spells              Type           Power        Failure   Level  Hunger
a - Sting                 Conj/Pois      #...         10%         1    None
b - Mephitic Cloud        Conj/Pois/Air  #.......     30%         3    ###....


Dungeon Overview and Level Annotations

Branches:
Dungeon (3/15)

Altars:

Annotations:
D:3 archon2's ghost, amateur DrVM


Innate Abilities, Weirdness & Mutations

You cannot wear armour.
You are incapable of wielding weapons or throwing items.
You have sharp claws.
You have razor-sharp teeth.
You have supernaturally acute eyesight. (SInv)
You are carnivorous and can eat meat at any time.
You cover ground quickly.
You are covered in fur. (AC +1)
You have a slow metabolism.
Your sharp claws are effective at attacking unaware monsters.


Message History

The orc closely misses you. The orc completely misses you.
You barely miss the orc.
The orc is almost dead.
The orc barely misses you. The orc closely misses you. x2
You scratch the orc.
You kill the orc!
The orc barely misses you. x2
You scratch the orc but do no damage. Your bite misses the orc.
The orc barely misses you.
The orc hits you with an enchanted falchion.
You scratch the orc but do no damage. The orc closely misses you. x2
You scratch the orc but do no damage. The orc misses you.
The orc completely misses you.
You scratch the orc but do no damage. The orc hits you with a hand axe.
* * * LOW HITPOINT WARNING * * *
The orc hits you with an enchanted falchion.
* * * LOW HITPOINT WARNING * * *
You scratch the orc but do no damage. The orc hits you with a hand axe.
The orc hits you with an enchanted falchion!
You die...

.....###..P#..#..##'#.##.#
..........P#).#.......##.#
########..##'##..P.....#.#
#..#..#...####....#
#..#..#.⌠.# #.#..#
#..#..#...# #.#..#
#..##)#..###+#.#..#####
##.......#).)#.#......#
#....P..@o..#.#.####<#
#.####..#o..#.#.# #.# #.#
+..###+#...# #.# #.# #...#
#...# #.# ..####..P# #.#>#
#.# .........####.#.# #.#
...............#.# #g#
..########.##W# #.# ####.#
####.##†# #.#


You could see 2 orcs.

Vanquished Creatures
  3 gnolls
  5 adders
  4 worms
  3 dart slugs (D:1)
  4 giant geckos
  3 orcs (D:3)
  3 ball pythons
  6 bats
  9 goblins
  6 hobgoblins
  3 jackals (D:2)
  9 kobolds
  5 giant newts
  9 rats
72 creatures vanquished.

Notes
Turn   | Place    | Note
-------+----------+-------------------------------------------
     0 | D:1      | LordPoison the Felid Venom Mage began the quest for the Orb.
     0 | D:1      | Reached XP level 1. HP: 7/7 MP: 4/4
   216 | D:1      | Reached XP level 2. HP: 8/11 MP: 1/6
   915 | D:1      | Reached XP level 3. HP: 14/14 MP: 2/7
  1811 | D:2      | Reached XP level 4. HP: 14/18 MP: 2/9
  3086 | D:2      | Reached skill level 1 in Fighting
  3428 | D:3      | Reached XP level 5. HP: 17/22 MP: 2/10
  3519 | D:3      | Learned a level 3 spell: Mephitic Cloud
  4447 | D:3      | Noticed archon2's ghost (amateur DrVM)
  4592 | D:3      | Slain by archon2's ghost
  4593 | D:3      | Reached XP level 4. HP: -3/19 MP: 0/9
  4618 | D:3      | Slain by an orc

Vault maps used:
D:1:      minmay_arrival_wavy_path
D:3:      corexii_shack_village

Skill      XL: |  1  2  3  4  5 |
---------------+----------------+-----
Stealth        | 3 4 |  4.0
Dodging        | 3 4 |  4.9
Fighting       | 1 2 |  2.0
Spellcasting   | 3 |  3.0
Air Magic      | |  0.1
Poison Magic   | |  3.6

Action                   |  1- 3 |  4- 6 || total
-------------------------+-------+-------++-------
Melee: Unarmed           |    52 |   109 ||   161
       Bite              |     2 |     8 ||    10
 Cast: Sting             |    79 |   113 ||   192
Evoke: Wand              |       |     5 ||     5
  Use: Potion            |     1 |     3 ||     4
       Scroll            |       |     7 ||     7
 Stab: Sleeping          |     1 |     3 ||     4
  Eat: Chunk             |    10 |     5 ||    15
Armor: Skin              |     3 |     1 ||     4
Dodge: Dodged            |    50 |   114 ||   164
